 Dungeon Crawl Stone Soup version 0.26.1-11-gd32895ea62 (webtiles) character file.

Game seed: 9735454109983773567

32 Zeld the Firebug (level 3, 17/22 HPs)
             Began as an Octopode Fire Elementalist on May 21, 2021.
             Quit the game on level 2 of the Dungeon.
             The game lasted 00:07:05 (2945 turns).

Zeld the Firebug (Octopode Fire Elementalist)       Turns: 2945, Time: 00:07:06

Health: 17/22      AC:  1    Str:  7    XL:     3   Next: 27%
Magic:  2/6        EV: 13    Int: 18    God:
Gold:   75         SH:  0    Dex: 12    Spells: 2/6 levels left

rFire    . . .     SeeInvis .   (no weapon)
rCold    . . .     Faith    .   (no shield)
rNeg     . . .     Spirit   .   (helmet restricted)
rPois    .         Reflect  .   (no amulet)
rElec    .         Harm     .   (no ring)
rCorr    .         Rampage  .   (no ring)
Will     .....                  (no ring)
Stlth    +++.......             (no ring)
HPRegen  0.07/turn              (no ring)
MPRegen  0.10/turn              (no ring)
                                (no ring)
                                (no ring)

@: mildly poisoned (17 -> 13)
A: almost no armour, stealthy swim, amphibious, 8 rings, constrict 8, camouflage
1, gelatinous body 1
a: no special abilities


You were on level 2 of the Dungeon.
You visited 1 branch of the dungeon, and saw 2 of its levels.

You collected 75 gold pieces.

Inventory:

Jewellery
 d - a +6 ring of dexterity {unknown}
Scrolls
 b - a scroll of identify {unknown}
 c - a scroll of blinking {unknown}
Potions
 a - a potion of flight {unknown}


   Skills:
 + Level 0.5 Fighting
 + Level 2.3 Dodging
 - Level 2.6 Stealth
 + Level 2.1 Spellcasting
 * Level 1.8 Conjurations
 * Level 3.4 Fire Magic


You had 2 spell levels left.
You knew the following spells:

 Your Spells              Type           Power        Failure   Level
a - Foxfire               Conj/Fire      44%          6%          1
b - Conjure Flame         Conj/Fire      11%          19%         3

Your spell library contained the following spells:

 Spells                   Type           Power        Failure   Level
 Inner Flame              Hex/Fire       8%           26%         3
 Sticky Flame             Conj/Fire      11%          52%         4
 Fireball                 Conj/Fire      5%           86%         5


Dungeon Overview and Level Annotations

Branches:
Dungeon (2/15)

Altars:


Innate Abilities, Weirdness & Mutations

You cannot wear most types of armour.
You are very stealthy in the water. (Stealth+)
You are amphibious.
You can wear up to eight rings at the same time.
You can use your tentacles to constrict eight enemies at once.
Your skin changes colour to match your surroundings (Stealth+).
Your rubbery body absorbs attacks. (AC +1, EV +1)


Message History

You conjure some foxfire!
The foxfire hits the adder.
The adder is lightly wounded.
Casting: Foxfire (safe; 6% risk of failure)
Confirm with . or Enter, or press ? or * to list all spells.
You conjure some foxfire!
The foxfire hits the adder.
The adder is moderately wounded.
The adder closely misses you.
Casting: Foxfire (safe; 6% risk of failure)
Confirm with . or Enter, or press ? or * to list all spells.
Nothing appears to happen.
The adder bites you.
You are poisoned.
The adder poisons you!
You feel sick. The adder barely misses you.
Unknown command.
Casting: Foxfire (safe; 6% risk of failure)
Confirm with . or Enter, or press ? or * to list all spells.
Nothing appears to happen.
The adder barely misses you. The adder misses you.
The adder closely misses you.
Are you sure you want to abandon this character and quit the game? (Confirm with "yes".)

#.........#
#.........#
#.........#
#....##.#.#######
#....##.#.......#
#....##.#######.#
#######.#....<#.#
#.#.....#.#
#@#.....#.#
#S#.#####.#
#.#.......#
#.######### ..#
..# ..# .#.#


You could see an adder.

Vanquished Creatures
  An ooze (D:1)
  A dart slug (D:1)
  A leopard gecko (D:1)
  4 bats
  2 giant cockroaches (D:1)
  4 goblins
  2 hobgoblins (D:1)
  A quokka (D:2)
  2 frilled lizards (D:1)
  5 kobolds (D:1)
  A rat (D:1)
24 creatures vanquished.

Vanquished Creatures (others)
  75 foxfires
75 creatures vanquished.

Grand Total: 99 creatures vanquished

Notes
Turn   | Place    | Note
-------+----------+-------------------------------------------
     0 | D:1      | Zeld the Octopode Fire Elementalist began the quest for the
                  | Orb.
     0 | D:1      | Reached XP level 1. HP: 11/11 MP: 3/3
     3 | D:1      | Noticed a minotaur skeleton
   836 | D:1      | Reached XP level 2. HP: 17/17 MP: 1/5
  1944 | D:1      | Reached XP level 3. HP: 20/22 MP: 3/6
  1948 | D:1      | Learned a level 3 spell: Conjure Flame
  2945 | D:2      | Quit the game

Illustrated notes

Levels and vault maps discovered:
D:1:      shiori_arrival_whats_in_store_for_you, layout_rooms,
          serial_co_window_serial, co_window_of_opportunity_a,
          co_window_of_opportunity_a, co_window_of_opportunity_a,
          co_window_corner_a, co_window_of_opportunity_a,
          co_window_of_opportunity_b, co_window_corner_b,
          co_window_unsneaky_path_a, co_window_unsneaky_path_b,
          co_window_2corner, co_window_unsneaky_path_d, co_window_broadway_c,
          co_window_4corner_a, nrook_mini_backslash, chequers_mini_garden
D:2:      layout_basic, elyvilon_altar_1

Action                   || total
-------------------------++-------
Melee: Unarmed           ||    11
       Tentacles         ||     3
       Constrict         ||     2
 Cast: Foxfire           ||    47
       Conjure Flame     ||     1
Armor: Skin              ||    11
Dodge: Dodged            ||    38
